 Dungeon Crawl Stone Soup version 0.28-a0-309-gf6d37e6e1d (webtiles) character file.

Game seed: 2474886393590735525

26 bqbq4ka the Cudgeller (level 2, -2/25 HPs)
             Began as a Minotaur Gladiator on Aug 30, 2021.
             Slain by a worm (9 damage)
             ... on level 2 of the Dungeon.
             The game lasted 00:10:24 (1020 turns).

bqbq4ka the Cudgeller (Minotaur Gladiator)          Turns: 1020, Time: 00:10:25

Health: -2/25      AC:  3    Str: 18    XL:     2   Next: 89%
Magic:  1/1        EV: 12    Int:  5    God:
Gold:   72         SH:  0    Dex: 11    Spells: 1/1 levels left

rFire   . . .      SeeInvis .   f - +2 dagger (venom)
rCold   . . .      Faith    .   (no shield)
rNeg    . . .      Spirit   .   b - +0 leather armour
rPois   .          Reflect  .   c - +0 hat
rElec   .          Harm     .   (no cloak)
rCorr   .          Rampage  .   (no gloves)
Will    .....                   (no boots)
Stlth   +.........              (no amulet)
HPRegen 0.08/turn               (no ring)
MPRegen 0.07/turn               (no ring)

@: no status effects
A: horns 2, retaliatory headbutt
a: no special abilities


You were on level 2 of the Dungeon.
You visited 1 branch of the dungeon, and saw 2 of its levels.

You collected 72 gold pieces.

Inventory:

Hand Weapons
 a - a +0 flail
 f - a +2 dagger of venom (weapon)
 h - a +0 hunting sling
 j - a +0 club
Missiles
 d - 3 throwing nets (quivered)
 g - 69 bolts
 i - 7 silver javelins
Armour
 b - a +0 leather armour (worn)
 c - a +0 hat (worn)
Scrolls
 l - a scroll of enchant armour {unknown}
Potions
 e - a potion of resistance {unknown}
 k - a potion of invisibility {unknown}


   Skills:
 + Level 2.5 Fighting
 + Level 4.2 Maces & Flails
 + Level 2.1 Throwing
 + Level 0.5 Armour
 + Level 3.7 Dodging
 + Level 0.3 Stealth


You had one spell level left.
You didn't know any spells.
Your spell library was empty.

Dungeon Overview and Level Annotations

Branches:
Dungeon (2/15)

Altars:


Innate Abilities, Weirdness & Mutations

You have a pair of horns on your head.
You reflexively headbutt those who attack you in melee.


Message History

You hit the hobgoblin.
The hobgoblin is poisoned.
The hobgoblin is severely wounded.
You kill the hobgoblin!
You see here a hobgoblin corpse.
A worm comes into view.
Found 11 gold pieces.
You now have 72 gold pieces (gained 11).
An adder comes into view.
You open the door.
The adder hisses angrily.
There is an open door here.
The adder bites you but does no damage.
You miss the adder. The adder bites you.
You are poisoned.
The adder poisons you!
You closely miss the adder.
You feel sick. The adder bites you.
You closely miss the adder.
You feel sick. The adder misses you.
You hit the adder.
The adder is lightly wounded.
You feel sick. The adder barely misses you.
The adder bites you but does no damage.
You hit the adder.
The adder is poisoned.
The adder is lightly wounded.
You feel sick. The adder bites you but does no damage.
You barely miss the adder.
The adder is moderately wounded.
You feel sick. The adder closely misses you.
You feel sick. The adder bites you.
You feel sick.
You are no longer poisoned.
You barely miss the adder.
The adder is moderately wounded.
The adder closely misses you.
You barely miss the adder.
The adder is moderately wounded.
The adder misses you. The adder bites you but does no damage.
The adder bites you.
* * * LOW HITPOINT WARNING * * *
The worm bites you!
You die...

.....######.#..............
............##..#.###.....#
........#................
#......#.....#.#.#.#....
#.#......####.##.#.#......
..............#..# #.##..#
.....#'#######...........
##.#...wS......####.##..#
#......@......# ........
#.##..........#.# .##.## #
#..........# #..
#..........# #..
............#
###.###+####.# .. .# ##.


You could see a worm and an adder (poisoned).

Vanquished Creatures
  An adder (D:2)
  A ball python (D:1)
  2 bats
  3 endoplasms (D:1)
  A giant cockroach (D:1)
  A goblin (D:1)
  A hobgoblin (D:2)
  A kobold (D:1)
  3 frilled lizards (D:1)
  3 rats (D:1)
17 creatures vanquished.

Notes
Turn   | Place    | Note
-------+----------+-------------------------------------------
     0 | D:1      | bqbq4ka the Minotaur Gladiator began the quest for the Orb.
     0 | D:1      | Reached XP level 1. HP: 18/18 MP: 0/0
   256 | D:1      | Reached XP level 2. HP: 25/25 MP: 1/1
   272 | D:1      | Reached skill level 4 in Maces & Flails
   515 | D:1      | Found a faded altar of an unknown god.
  1020 | D:2      | Slain by a worm

Illustrated notes

Levels and vault maps discovered:
D:1:      dpeg_arrival_signposts, layout_loops_corners,
          chequers_ecumenical_altar_grove
D:2:      layout_basic, serial_shops, nicolae_shop_behind_doors,
          nicolae_shop_trees

Skill      XL: |  1  2 |
---------------+-------+-----
Maces & Flails | 4 |  4.2
Fighting       | |  2.5
Throwing       | |  2.1
Armour         | |  0.5
Dodging        | |  3.7
Stealth        | |  0.3

Action                   || total
-------------------------++-------
Melee: Flail             ||     9
       Dagger            ||    36
Armor: Leather armour    ||    15
Dodge: Dodged            ||    26

Table legend: (Time is in decaauts)
 A = Elapsed time spent in this place.
 B = Non-inter-level travel time spent in this place.
 C = Inter-level travel time spent in this place.
 D = Time resting spent in this place.
 E = Time spent auto-exploring this place.
 F = Levels seen in this place.
 G = Mean time per level.
                   A        B        C        D        E       F      G
               +--------+--------+--------+--------+--------+-----+--------+
         Total |   1021 |    303 |    718 |      0 |      0 |   2 |  510.5 |
       Dungeon |   1021 |    303 |    718 |      0 |      0 |   2 |  510.5 |
               +--------+--------+--------+--------+--------+-----+--------+

Top non-repeatable levels by time:
     D:1: 895 daAuts
     D:2: 125 daAuts
